 Dungeon Crawl Stone Soup version 0.23.1 (webtiles) character file.

Game seed: 624535201364904534

27241 Kairos the Cleaver (level 13, -1/69 HPs)
             Began as a Vine Stalker Fighter on Mar 5, 2019.
             Was the Champion of Okawaru.
             Slain by a komodo dragon (18 damage)
             ... on level 4 of the Lair of Beasts.
             The game lasted 00:32:03 (13136 turns).

Kairos the Cleaver (Vine Stalker Fighter)          Turns: 13136, Time: 00:32:04

Health: -1/69      AC: 17    Str: 24    XL:     13   Next: 31%
Magic:  0/18       EV:  6    Int: 10    God:    Okawaru [******]
Gold:   755        SH: 12    Dex: 14    Spells: 12/12 levels left

rFire    . . .     SeeInvis +   F - +1 broad axe of Disgust {chop, rElec rC+ MR+ Int-3}
rCold    + . .     Gourm    .   c - +0 shield
rNeg     . . .     Faith    .   M - +0 plate armour of the Gravedigger {Regen+ Int+5 Stlth-}
rPois    +         Spirit   +   R - +2 hat {SInv}
rElec    +         Reflect  .   l - +0 cloak
rCorr    .         Harm     .   (no gloves)
MR       ++++.                  (no boots)
Stlth    ..........             (no amulet)
HPRegen  1.41/turn              h - ring of protection from magic
MPRegen  0.16/turn              A - ring of poison resistance

@: lethally poisoned (-1 -> -2), slowed, very slow
A: fangs 3, see invisible, magic resistance 1, regeneration 2, magic shield,
antimagic bite, no potion heal 3, rot immunity
a: Heroism, Finesse, Renounce Religion


You were on level 4 of the Lair of Beasts.
You worshipped Okawaru.
Okawaru was exalted by your worship.
You were hungry.

You visited 3 branches of the dungeon, and saw 14 of its levels.
You also visited: Volcano.

You collected 1205 gold pieces.
You spent 450 gold pieces at shops.

Inventory:

Hand Weapons
 a - a +2 war axe
 k - a +1 hand axe of draining
 F - the +1 broad axe of Disgust (weapon) {chop, rElec rC+ MR+ Int-3}
   (Okawaru gifted it to you on level 3 of the Lair of Beasts)

   It inflicts extra damage upon your enemies.
   It affects your intelligence (-3).
   It protects you from cold.
   It insulates you from electricity.
   It affects your resistance to hostile enchantments.
 G - a +1 mace of draining
Missiles
 m - 2 throwing nets
 o - 2 silver tomahawks
 r - 21 javelins
 t - 7 tomahawks (quivered)
Armour
 c - a +0 shield (worn)
 l - a +0 cloak (worn)
 D - the +1 plate armour "Cyed" {+Inv MR+}
   (You found it on level 6 of the Dungeon)

   It affects your resistance to hostile enchantments.
   It lets you turn invisible.
 I - a +3 scale mail of fire resistance
 M - the +0 plate armour of the Gravedigger (worn) {Regen+ Int+5 Stlth-}
   (You bought it in a shop on level 5 of the Dungeon)

   It affects your intelligence (+5).
   It increases your rate of regeneration.
   It makes you less stealthy.
 R - a +2 hat of see invisible (worn)
Jewellery
 h - a ring of protection from magic (left hand)
 v - an uncursed ring of fire
 A - a ring of poison resistance (right hand)
 E - an uncursed ring of flight
 K - an uncursed ring of resist corrosion
Wands
 J - a wand of scattershot (2)
 L - a wand of iceblast (13)
 O - a wand of random effects (14)
 P - a wand of flame (22)
Scrolls
 e - a scroll of fear
 i - 7 scrolls of fog
 j - 4 scrolls of blinking
 p - 5 scrolls of remove curse
 q - 2 scrolls of enchant armour
 y - a scroll of immolation
 B - 5 scrolls of amnesia
 C - 4 scrolls of teleportation
Potions
 d - 3 potions of might
 g - 2 potions of mutation
 n - 2 potions of resistance
 s - 9 potions of curing
 u - a potion of flight
 w - a potion of agility {unknown}
 x - 2 potions of magic {unknown}
 z - a potion of degeneration {unknown}
 H - 2 potions of berserk rage {unknown}
 N - a potion of ambrosia {unknown}
 Q - a potion of brilliance {unknown}
Miscellaneous
 b - 2 sacks of spiders
Comestibles
 f - 20 rations


   Skills:
 * Level 8.4 Fighting
 * Level 12.8 Axes
 + Level 0.2(8.4) Maces & Flails
 + Level 1.0 Throwing
 * Level 8.3 Armour
 + Level 1.8 Dodging
 + Level 3.1 Stealth
 + Level 8.6 Shields
 * Level 6.5 Invocations
 + Level 0.5 Evocations


You had 12 spell levels left.
You didn't know any spells.
Your spell library contained the following spells:

 Spells                   Type           Power        Failure   Level  Hunger
 Magic Dart               Conj           #...         100%        1    ##.....
 Blink                    Tloc           N/A          100%        2    ###....
 Call Imp                 Summ           #.......     100%        2    ###....
 Slow                     Hex            #.......     100%        2    ###....
 Conjure Flame            Conj/Fire      #.......     100%        3    ####...
 Mephitic Cloud           Conj/Pois/Air  #.......     100%        3    ####...


Dungeon Overview and Level Annotations

Branches:
Dungeon (9/15)             Temple (1/1) D:5            Lair (4/6) D:8
 Shoals (0/4) Lair:4        Snake (0/4) Lair:2
    Orc: D:9-12

Altars:
Ashenzari
Cheibriados
Dithmenos
Elyvilon
Fedhas
Gozag
Hepliaklqana
Kikubaaqudgha
Makhleb
Nemelex Xobeh
Okawaru
Qazlal
Ru
Sif Muna
Trog
Uskayaw
Vehumet
Wu Jian
Xom
Yredelemnul
Zin
The Shining One

Shops:
D:5 [   D:8 ?   D:9 ?

Annotations:
D:6 3 runed translucent doors, Frank's ghost, novice OpFi
Lair:4 2 runed translucent doors, Sonja


Innate Abilities, Weirdness & Mutations

You have razor-sharp teeth.
You heal very quickly.
When hurt, damage is shared between your health and your magic reserves.
Your bite disrupts and absorbs the magic of your enemies.
Potions cannot restore your health.
You are immune to rotting.
You have supernaturally acute eyesight. (SInv)
You are resistant to hostile enchantments. (MR+)


Message History

The komodo dragon bites you!
Sonja says, "If only old Madame Brzewit could see me now!"
Sonja mumbles some strange words.
Sonja blinks!
The komodo dragon bites you! The komodo dragon bites you!
* * * LOW HITPOINT WARNING * * *
You barely miss the komodo dragon.
The komodo dragon is moderately wounded.
The komodo dragon closely misses you.
You completely miss Sonja. Your bite misses Sonja.
You barely miss the komodo dragon.
Sonja unwields a +0 blowgun.
Sonja wields a +0 dagger of venom.
It begins to drip with poison!
You block Sonja's attack. Sonja hits you but does no damage.
You block Sonja's attack. The komodo dragon bites you!
* * * LOW HITPOINT WARNING * * *
Sonja barely misses you. Sonja hits you but does no damage.
You are poisoned.
You block Sonja's attack. The komodo dragon bites you!!
You die...

..............#######......
.......((....#.# #......
..............## ##.....
.............#.# #P.....
........KP....## #......
.........$#...# ##.....
###......#####.# #.....
#.#P...l## ## ##.....
#####..K@# ##...... ###.##
#....... ### ##.#....
###P.#. ##### # #


You could see a komodo dragon and Sonja.

Vanquished Creatures
  Gastronok (Lair:3)
  Harold (D:7)
  3 hydras
  Urug (Lair:2)
  2 skeletal warriors (Volcano)
  An anaconda skeleton (Volcano)
  A merfolk siren (Lair:4)
  2 black mambas
  An elephant (D:8)
  5 gargoyles (Volcano)
  7 spiny frogs
  5 komodo dragons
  2 hornets (D:8)
  5 blink frogs (Lair:3)
  2 harpy skeletons (Volcano)
  6 hippogriffs
  3 flying skulls (Volcano)
  17 yaks
  An alligator skeleton (Volcano)
  4 basilisks
  3 fire bats (Lair:1)
  2 hungry ghosts (D:9)
  A soldier ant (D:8)
  11 water moccasins
  9 porcupines
  2 hornet zombies
  An orc warrior (D:9)
  2 sky beasts
  A black bear (Lair:1)
  4 ice beasts
  2 centaurs
  A phantom (D:7)
  An ogre (D:7)
  13 wolves
  9 crocodiles
  A big kobold (D:7)
  9 bullfrogs
  5 scorpions
  9 killer bees (D:8)
  2 spriggan skeletons (Volcano)
  2 troll skeletons (Volcano)
  An electric eel (Lair:3)
  3 howler monkeys
  2 centaur zombies
  3 crimson imps
  A bullfrog skeleton (D:5)
  A hound (D:8)
  3 orc priests
  14 orc wizards
  3 centaur skeletons
  Jessica (D:3)
  2 iguanas
  7 worker ants
  3 hell rats (Lair:1)
  A hound zombie (D:6)
  3 naga skeletons (Volcano)
  A hound skeleton (D:8)
  A worker ant zombie (D:7)
  Robin (D:3)
  3 gnolls (D:5)
  17 adders
  6 river rats (Lair:1)
  2 adder zombies
  2 adder skeletons (D:4)
  2 worms
  8 leopard geckos
  31 orcs
  5 giant cockroaches
  7 hobgoblins
  15 jackals
  16 kobolds
  4 quokkas
  6 ball pythons
  7 bats
  4 frilled lizards
  11 goblins
  A leopard gecko skeleton (D:4)
  A leopard gecko zombie (D:9)
  A quokka skeleton (D:5)
  A quokka zombie (D:7)
  10 rats
  2 plants (Lair:3)
373 creatures vanquished.

Vanquished Creatures (others)
  A fungus (D:8)
  A plant (D:8)
2 creatures vanquished.

Grand Total: 375 creatures vanquished

Notes
Turn   | Place    | Note
-------+----------+-------------------------------------------
     0 | D:1      | Kairos the Vine Stalker Fighter began the quest for the
                  | Orb.
     0 | D:1      | Reached XP level 1. HP: 11/11 MP: 2/2
   413 | D:1      | Reached XP level 2. HP: 16/16 MP: 3/3
   858 | D:2      | Reached skill level 2 in Axes
   923 | D:2      | Reached XP level 3. HP: 6/20 MP: 2/4
  1698 | D:2      | Gained mutation: Your natural rate of healing is unusually
                  | fast. [Vine Stalker growth]
  1698 | D:2      | Reached XP level 4. HP: 23/24 MP: 5/5
  1722 | D:2      | Found a shadowy altar of Dithmenos.
  1724 | D:2      | Found a hazy altar of Hepliaklqana.
  1821 | D:3      | Found a stormy altar of Qazlal.
  1892 | D:3      | Noticed Robin
  1910 | D:3      | Killed Robin
  2159 | D:3      | Reached XP level 5. HP: 27/28 MP: 6/6
  2218 | D:3      | Noticed Jessica
  2226 | D:3      | Killed Jessica
  2226 | D:3      | Reached skill level 3 in Axes
  2226 | D:3      | Reached skill level 1 in Stealth
  2251 | D:3      | Reached XP level 6. HP: 21/33 MP: 5/7
  2494 | D:4      | Reached skill level 4 in Axes
  2681 | D:4      | Reached skill level 1 in Dodging
  2681 | D:4      | Reached XP level 7. HP: 29/37 MP: 5/8
  3124 | D:4      | Found a glowing golden altar of the Shining One.
  3124 | D:4      | Found a radiant altar of Vehumet.
  3361 | D:5      | Entered Level 5 of the Dungeon
  3395 | D:5      | Found a staircase to the Ecumenical Temple.
  3406 | Temple   | Entered the Ecumenical Temple
  3643 | Temple   | Became a worshipper of Warmaster Okawaru
  3707 | D:5      | Reached skill level 5 in Axes
  3808 | D:5      | Found Xuyqixes's Armour Shop.
  3991 | D:5      | Gained mutation: You have razor-sharp teeth. [Vine Stalker
                  | growth]
  3991 | D:5      | Reached XP level 8. HP: 39/42 MP: 7/9
  4597 | D:6      | Got an obsidian-encrusted plate armour
  4608 | D:6      | Identified the cursed +1 plate armour "Cyed" {+Inv MR+}
                  | (You found it on level 6 of the Dungeon)
  4718 | D:6      | Reached * piety under Okawaru
  4779 | D:6      | Found a glowing silver altar of Zin.
  4811 | D:6      | Reached skill level 6 in Axes
  4811 | D:6      | Reached skill level 5 in Shields
  4869 | D:6      | Reached skill level 5 in Fighting
  4950 | D:6      | Found a runed translucent gate.
  4950 | D:6      | Found a runed translucent gate.
  4950 | D:6      | Found a runed translucent gate.
  4950 | D:6      | Noticed Frank's ghost (novice OpFi)
  5032 | D:6      | Found a sparkling altar of Nemelex Xobeh.
  5359 | D:7      | Noticed Harold
  5537 | D:7      | Reached XP level 9. HP: 18/47 MP: 10/10
  5960 | D:7      | Reached ** piety under Okawaru
  6046 | D:7      | Killed Harold
  6046 | D:7      | Reached skill level 7 in Axes
  6305 | D:7      | Reached skill level 8 in Axes
  6314 | D:7      | Gained mutation: You are resistant to hostile enchantments.
                  | (MR+) [potion of mutation]
  6314 | D:7      | Gained mutation: You tend to lose your temper in combat.
                  | [potion of mutation]
  6314 | D:7      | Gained mutation: Your flesh is heat resistant. (rF+)
                  | [potion of mutation]
  6315 | D:7      | Lost mutation: You tend to lose your temper in combat.
                  | [potion of mutation]
  6315 | D:7      | Lost mutation: Your flesh is heat resistant. (rF+) [potion
                  | of mutation]
  6315 | D:7      | Gained mutation: You are somewhat resistant to further
                  | mutation. [potion of mutation]
  6707 | D:7      | Lost mutation: You are resistant to hostile enchantments.
                  | (MR+) [potion of mutation]
  6707 | D:7      | Lost mutation: You are somewhat resistant to further
                  | mutation. [potion of mutation]
  6707 | D:7      | Gained mutation: You have supernaturally acute eyesight.
                  | (SInv) [potion of mutation]
  6707 | D:7      | Gained mutation: You are resistant to hostile enchantments.
                  | (MR+) [potion of mutation]
  6931 | D:8      | Reached *** piety under Okawaru
  6943 | D:8      | Reached XP level 10. HP: 48/51 MP: 8/11
  6948 | D:8      | Reached skill level 5 in Armour
  6996 | D:8      | Found Janoch's Magic Scroll Boutique.
  7264 | D:8      | Reached skill level 1 in Invocations
  7323 | D:8      | Found a staircase to the Lair.
  7324 | D:8      | Noticed an elephant
  7339 | D:8      | Killed an elephant
  7392 | D:8      | Reached skill level 9 in Axes
  7474 | D:5      | Bought the +0 plate armour of the Gravedigger {Regen+ Int+5
                  | Stlth-} for 391 gold pieces
  7654 | D:8      | Reached **** piety under Okawaru
  7901 | D:8      | Found a glowing silver altar of Zin.
  8145 | D:9      | Found a burning altar of Makhleb.
  8190 | D:9      | Got a pitted scale mail
  8201 | D:9      | Identified the +1 scale mail of Creativity {Dex+4} (You
                  | found it on level 9 of the Dungeon)
  8283 | D:9      | Reached XP level 11. HP: 37/57 MP: 8/13
  8377 | D:9      | Found Rirchoa's Magic Scroll Shoppe.
  8477 | D:9      | Reached skill level 10 in Axes
  8959 | Lair:1   | Entered Level 1 of the Lair of Beasts
  9004 | Lair:1   | Received a gift from Okawaru
  9012 | Lair:1   | Reached ***** piety under Okawaru
  9182 | D:9      | Bought a scroll of magic mapping for 59 gold pieces
  9316 | Lair:1   | Found a dark tunnel.
  9326 | Volcano  | Entered a volcano
  9378 | Volcano  | Noticed a skeletal warrior
  9517 | Volcano  | Killed a skeletal warrior
  9522 | Volcano  | Received a gift from Okawaru
  9630 | Volcano  | Noticed a skeletal warrior
  9637 | Volcano  | Reached skill level 1 in Throwing
  9654 | Volcano  | Killed a skeletal warrior
  9654 | Volcano  | Reached skill level 11 in Axes
 10119 | Lair:1   | Gained mutation: You heal very quickly. [Vine Stalker
                  | growth]
 10119 | Lair:1   | Reached XP level 12. HP: 63/63 MP: 16/16
 10815 | Lair:2   | Noticed Urug
 10852 | Lair:2   | Killed Urug
 10963 | Lair:2   | Found a staircase to the Snake Pit.
 11112 | Lair:2   | Noticed a five-headed hydra
 11116 | Lair:2   | Reached skill level 5 in Invocations
 11124 | Lair:2   | Killed a seven-headed hydra
 11273 | Lair:2   | Got a crystal battleaxe
 11279 | Lair:2   | Identified the cursed +1 battleaxe of Regicide {chop,
                  | *Corrode rN+++ Str-2 SInv} (You found it on level 2 of the
                  | Lair of Beasts)
 11820 | Lair:3   | Received a gift from Okawaru
 11828 | Lair:3   | Got a smoking broad axe {god gift}
 11840 | Lair:3   | Identified the +1 broad axe of Disgust {chop, rElec rC+ MR+
                  | Int-3} (Okawaru gifted it to you on level 3 of the Lair of
                  | Beasts)
 12010 | Lair:3   | Reached skill level 12 in Axes
 12270 | Lair:3   | Noticed Gastronok
 12284 | Lair:3   | Killed Gastronok
 12284 | Lair:3   | Reached XP level 13. HP: 68/68 MP: 18/18
 12800 | Lair:4   | Found a staircase to the Shoals.
 12840 | Lair:4   | Found a large runed translucent door.
 12841 | Lair:4   | Found a large runed translucent door.
 12913 | Lair:4   | Reached ****** piety under Okawaru
 13025 | Lair:4   | Received a gift from Okawaru
 13124 | Lair:4   | Noticed Sonja
 13136 | Lair:4   | Slain by a komodo dragon

Skill      XL: |  1  2  3  4  5  6  7  8  9 10 11 12 13 |
---------------+----------------------------------------+-----
Axes           | 2 3 4 5 6 8 9 11 12 | 12.8
Fighting       | 3 4 5 6 7 8 |  8.4
Shields        | 3 4 5 6 7 8 |  8.6
Armour         | 3 4 5 7 8 |  8.3
Stealth        | 1 2 3 |  3.1
Dodging        | 1 |  1.8
Invocations    | 2 4 5 6 |  6.5
Throwing       | 1 |  1.0
Maces & Flails | |  0.2
Evocations     | |  0.5

Action                   |  1- 3 |  4- 6 |  7- 9 | 10-12 | 13-15 || total
-------------------------+-------+-------+-------+-------+-------++-------
Melee: War axe           |   104 |   146 |   389 |   456 |       ||  1095
       Bite              |    21 |    49 |   122 |   263 |    45 ||   500
       Hand axe          |       |       |       |   154 |       ||   154
       Broad axe         |       |       |       |    82 |    76 ||   158
       Mace              |       |       |       |     3 |    15 ||    18
Throw: Tomahawk          |       |       |     3 |    10 |       ||    13
Invok: Heroism           |       |       |     5 |    24 |     3 ||    32
 Abil: Evoke Invisibilit |       |       |     1 |       |       ||     1
Evoke: Wand              |       |       |       |     2 |       ||     2
  Use: Scroll            |     1 |     2 |     5 |    17 |       ||    25
       Potion            |       |       |     3 |     1 |       ||     4
 Stab: Invisible         |       |       |     5 |       |       ||     5
  Eat: Chunk             |     2 |     4 |     5 |    10 |     3 ||    24
       Ration            |       |       |     4 |     5 |       ||     9
Armor: Scale mail        |    53 |    81 |    70 |       |       ||   204
       Plate armour      |       |       |   150 |   293 |    56 ||   499
Dodge: Dodged            |    34 |    46 |   112 |   151 |    38 ||   381
Block: Shield            |    48 |    89 |   223 |   371 |    77 ||   808
